AoeStats
← KnightOfHonor

Golden Pit

509812776Analyzed
1v1 RM · 4d ago on Sep 28, 2026· 42m 8s· 2 players
Game mode
Random Map
Map size
Tiny (2 player)
Population
200
Speed
Normal
Resources
Standard
Victory
Conquest
Starting age
Dark Age
Ending age
Imperial Age
RankedLock teamsTeams togetherTeam positionsShared explorationLock speedFull tech treeHidden civsTurbo modeCheats
Victory
Defeat
🇺🇸 Saxons · United States
765
+17
🇨🇳 Huns · China
791
-17
KnightOfHonor
3:31 Loom
10:59 Feudal Age
15:34 Double-Bit Axe
21:08 Castle Age
20:11 Fletching
20:31 Forging
20:19 Stone Mining
23:08 Scale Mail Armor
23:05 Bodkin Arrow
25:22 Horse Collar
28:05 Light Cavalry
30:11 Padded Archer Armor
32:42 Iron Casting
31:41 Crossbowman
33:28 Treadmill Crane
33:51 Murder Holes
35:18 Ballistics
36:51 Bow Saw
37:52 Wheelbarrow
41:44 Imperial Age
40:04 Masonry
40:39 Chain Mail Armor
40:34 Guard Tower
42:47 Conscription
陈博士
10:22 Feudal Age
10:56 Double-Bit Axe
12:53 Wheelbarrow
12:27 Horse Collar
17:38 Forging
17:31 Scale Mail Armor
18:15 Gold Mining
19:12 Fletching
19:24 Padded Archer Armor
19:41 Stone Mining
21:03 Scale Barding Armor
24:59 Castle Age
25:17 Bloodlines
25:59 Bow Saw
25:52 Heavy Plow
26:31 Iron Casting
26:43 Chain Barding Armor
27:27 Gold Shaft Mining
28:51 Hand Cart
35:28 Imperial Age
38:14 Chemistry
39:14 Guilds
40:14 Two-Man Saw
38:57 Cavalier
41:16 Blast Furnace
40:52 Plate Barding Armor
40:23 Capped Ram
Connection lost

Rejoining the realm…

Still unreachable

The connection could not be restored.

Session expired

The server has moved on; the page needs a fresh start.